 Dungeon Crawl Stone Soup version 0.31-a0-360-gb3e1d13bf4 (webtiles) character file.

Game seed: 2895633575099554298

641 LeprechaunX the Ruffian (level 7, -3/69 HPs)
             Began as an Octopode Shapeshifter on July 26, 2023.
             Slain by Duvessa
             ... wielding a +0 rapier
              (6 damage)
             ... on level 5 of the Dungeon.
             The game lasted 00:04:07 (3327 turns).

LeprechaunX the Ruffian (Octopode Shapeshifter)     Turns: 3327, Time: 00:04:07

Health: -3/69      AC: 23    Str: 16    XL:     7   Next: 51%
Magic:  7/7        EV:  2    Int: 11    God:
Gold:   225        SH:  0    Dex: 12    Spells: 6/6 levels left

rFire   . .          .
                       - Unarmed
rCold   + . .        (no shield)
rNeg    . . .        (helmet currently unavailable)
rPois   +            (no amulet)
rElec   .            e - ring of resist corrosion
rCorr   +            v - ring of protection from cold
SInv    .            (no ring)
Will    .....        (no ring)
Stlth   +            (no ring)
HPRegen 0.31/turn    (no ring)
MPRegen 0.10/turn    (no ring)
                     (no ring)

%: no passive effects
@: tree-form
A: stationary, stasis, torment immunity, boosted hp, almost no armour,
(amphibious), 8 rings, (camouflage 1), (gelatinous body 1), (nimble swimmer 1),
(tentacles)
a: no special abilities


You were on level 5 of the Dungeon.
You were a tree.
You visited 1 branch of the dungeon, and saw 5 of its levels.

You collected 225 gold pieces.

Inventory:

Missiles
 p - 3 atropa-tipped darts (quivered)
Jewellery
 e - a ring of resist corrosion (left branch)
 g - a ring of ice
 v - a ring of protection from cold (right branch)
Talismans
 b - a beast talisman
Wands
 k - a wand of digging (12)
 w - a wand of charming (4)
Scrolls
 c - a scroll of immolation {unknown}
 f - 3 scrolls of identify {unknown}
 j - 3 scrolls of noise {unknown}
 o - 2 scrolls of fog {unknown}
 q - 2 scrolls of blinking {unknown}
 r - 2 scrolls of enchant weapon {unknown}
 s - a scroll of teleportation {unknown}
 u - a scroll of fear {unknown}
Potions
 d - a potion of mutation {unknown}
 h - a potion of invisibility {unknown}
 i - a potion of resistance {unknown}
 l - a potion of heal wounds {unknown}
 m - 3 potions of curing {unknown}
 n - a potion of cancellation {unknown}
 t - a potion of enlightenment {unknown}


   Skills:
 + Level 3.5 Fighting
 + Level 3.9 Dodging
 * Level 5.8 Unarmed Combat
 + Level 4.1 Shapeshifting


You had 6 spell levels left.
You didn't know any spells.
Your spell library contained the following spells:

 Spells                   Type           Power      Damage    Failure   Level
 Apportation              Tloc           0%         N/A       34%         1
 Magic Dart               Conj           0%         1d3       34%         1
 Call Imp                 Summ           0%         N/A       47%         2
 Mephitic Cloud           Conj/Pois/Air  0%         N/A       71%         3
 Ozocubu's Armour         Ice            0%         N/A       71%         3
 Alistair's Intoxication  Tmut/Pois      0%         N/A       100%        5
 Metabolic Englaciation   Hex/Ice        0%         N/A       100%        5
 Simulacrum               Ice/Necr       0%         N/A       100%        6


Dungeon Overview and Level Annotations

Branches:
Dungeon (5/15)
 Temple: D:4-7

Altars:
Qazlal
Ru
Uskayaw
Yredelemnul
Zin

Shops:
D:5 *(?

Annotations:
D:5 Dowan, Duvessa


Innate Abilities, Weirdness & Mutations

You are a tree.
Your roots penetrate the ground, keeping you stationary.
You cannot be teleported.
You are immune to unholy pain and torment.
Your maximum health is greatly increased.
You cannot wear most types of armour.
((You are amphibious.))
You can wear up to eight rings at the same time.
((Your skin changes colour to match your surroundings (Stealth+).))
((Your rubbery body absorbs attacks. (AC +1, EV +1)))
((You are camouflaged when in or above water. (Stealth+)))
((You have tentacles for arms and can constrict up to eight enemies at once.))


Message History

Your transformation has ended.
You turn into a tree.
Your roots penetrate the ground.
You lose your grip on Duvessa.
Duvessa hits you but does no damage. Dowan hits you but does no damage.
Duvessa hits you with a +0 rapier.
Unknown command.
You barely miss Duvessa.
Duvessa is moderately wounded.
Dowan hits you but does no damage. Duvessa hits you but does no damage.
You hit Duvessa but do no damage.
Duvessa is moderately wounded.
Duvessa hits you with a +0 rapier.
* * * LOW HITPOINT WARNING * * *
Dowan barely misses you. Duvessa hits you but does no damage.
You barely miss Duvessa.
Duvessa is moderately wounded.
Dowan hits you but does no damage.
Duvessa says, "My weaknesses are his strengths!"
Duvessa hits you but does no damage.
You hit Duvessa but do no damage.
Duvessa is moderately wounded.
Duvessa hits you but does no damage. Dowan barely misses you.
You smack Duvessa!
Duvessa is heavily wounded.
Duvessa hits you with a +0 rapier.
* * * LOW HITPOINT WARNING * * *
Dowan barely misses you. Duvessa barely misses you.
You hit Duvessa but do no damage.
Duvessa is heavily wounded.
Duvessa hits you but does no damage. Dowan hits you but does no damage.
You hit Duvessa.
Duvessa is heavily wounded.
Duvessa hits you but does no damage.
Dowan says, "Stay away from my face!"
Dowan hits you but does no damage.
You hit Duvessa. Your punch misses Duvessa.
Duvessa is severely wounded.
Duvessa hits you with a +0 rapier!
* * * LOW HITPOINT WARNING * * *
Duvessa hits you with a +0 rapier.
You die...

#######.##...........∩.....#
...............>......######
###.######†........8..#∩..#
#.####............#.<.#
#...............[.#..⌠#
#.#########.#####.#####
#..........# ###
#.#######..# #...e♣...#
#.####e[.# #...# #...# ....#
..#.# .#.#.# ....#


You could see Duvessa (fast) and Dowan.

Vanquished Creatures
  Eustachio (D:5)
  An ogre (D:4)
  A centaur (D:5)
  2 hounds (D:4)
  Ijyb (D:5)
  Terence (D:2)
  Natasha (thrice) (D:2)
  3 adders
  A shadow imp (D:4)
  A white imp (D:4)
  3 worms (D:2)
  A dart slug (D:2)
  9 orcs
  8 bats
  5 endoplasms
  2 giant cockroaches
  10 goblins
  9 hobgoblins
  5 jackals
  9 kobolds
  2 quokkas
  11 ball pythons
  A frilled lizard (D:1)
  4 rats
94 creatures vanquished.

Notes
Turn   | Place    | Note
-------+----------+-------------------------------------------
     0 | D:1      | LeprechaunX the Octopode Shapeshifter began the quest for
                  | the Orb.
     0 | D:1      | Reached XP level 1. HP: 13/13 MP: 1/1
   185 | D:1      | Reached XP level 2. HP: 18/18 MP: 2/2
   372 | D:1      | Reached XP level 3. HP: 23/23 MP: 3/3
   579 | D:2      | Noticed Terence
   588 | D:2      | Killed Terence
   589 | D:2      | Reached XP level 4. HP: 19/29 MP: 4/4
   685 | D:2      | Noticed Natasha
   697 | D:2      | Killed Natasha
   698 | D:2      | Reached skill level 4 in Unarmed Combat
   768 | D:2      | Noticed Natasha
   778 | D:2      | Killed Natasha
   799 | D:2      | Reached XP level 5. HP: 34/34 MP: 5/5
   825 | D:2      | Noticed Natasha
   836 | D:2      | Killed Natasha
  1656 | D:3      | Found a glowing silver altar of Zin.
  1658 | D:3      | Found a basalt altar of Yredelemnul.
  1658 | D:3      | Found a sacrificial altar of Ru.
  1668 | D:3      | Found a hide-covered altar of Uskayaw.
  1668 | D:3      | Found a stormy altar of Qazlal.
  2355 | D:4      | Reached XP level 6. HP: 12/41 MP: 6/6
  2775 | D:4      | Reached skill level 5 in Unarmed Combat
  2966 | D:5      | Entered Level 5 of the Dungeon
  3047 | D:5      | Noticed Eustachio
  3069 | D:5      | Killed Eustachio
  3070 | D:5      | Reached XP level 7. HP: 44/46 MP: 7/7
  3131 | D:5      | Noticed Ijyb
  3144 | D:5      | Killed Ijyb
  3239 | D:5      | Found Fegygero's Assorted Antiques.
  3241 | D:5      | Found Coeloroh's Antique Weapon Shop.
  3243 | D:5      | Found Ripub's Magic Scroll Shop.
  3311 | D:5      | Noticed Duvessa
  3311 | D:5      | Noticed Dowan
  3327 | D:5      | HP: 3/69 [Duvessa/+0 rapier (11)]
  3327 | D:5      | Slain by Duvessa

Illustrated notes

Levels and vault maps discovered:
D:1:      scummos_arrival_star, layout_loops_cross
D:2:      layout_loops_ring, minmay_quadrilaterals, uniq_terence, uniq_natasha
D:3:      layout_rooms, grunt_temple_overflow_open, minmay_fractal_squares_5
D:4:      layout_loops_ring
D:5:      layout_basic, grunt_temple_overflow_opulence,
          minmay_temple_entry_gardened_gates,
          nicolae_shop_distant_corner_stores, uniq_eustachio, uniq_ijyb,
          uniq_duvessa

Skill      XL: |  1  2  3  4  5  6 |
---------------+-------------------+-----
Fighting       | 2 3 |  3.5
Unarmed Combat | 4 5 |  5.8
Dodging        | 3 |  3.9
Shapeshifting  | 4 |  4.1

Action                     |  1- 3 |  4- 6 |  7- 9 || total
---------------------------+-------+-------+-------++-------
  Melee: Unarmed           |    52 |   113 |    33 ||   198
         Constrict         |    10 |    31 |     4 ||    45
         Tentacles         |     9 |    22 |     6 ||    37
         Punch             |     1 |     3 |     2 ||     6
  Throw: Dart              |       |     4 |       ||     4
    Use: Potion            |       |       |     1 ||     1
   Stab: Sleeping          |     4 |     7 |     1 ||    12
 Armour: Skin              |     5 |     6 |    13 ||    24
  Dodge: Dodged            |    26 |    42 |    17 ||    85

Table legend: (Time is in decaauts)
 A = Elapsed time spent in this place.
 B = Non-inter-level travel time spent in this place.
 C = Inter-level travel time spent in this place.
 D = Time resting spent in this place.
 E = Time spent auto-exploring this place.
 F = Levels seen in this place.
 G = Mean time per level.
                   A        B        C        D        E       F      G
               +--------+--------+--------+--------+--------+-----+--------+
         Total |   3308 |   3174 |    134 |    293 |   2328 |   5 |  661.6 |
       Dungeon |   3308 |   3174 |    134 |    293 |   2328 |   5 |  661.6 |
               +--------+--------+--------+--------+--------+-----+--------+

Top non-repeatable levels by time:
     D:2: 939 daAuts
     D:4: 892 daAuts
     D:3: 560 daAuts
     D:1: 559 daAuts
     D:5: 355 daAuts
